cohdb
Replays
Latest Replays
All Replays
Popular Replays
Top Player Replays
Match Explorer
How It Works
Community
CoH3 Stats
Reddit
Sign in to upload your games and track your stats! →
Sign in with Steam
Match 41457380
Unlisted
Match 41457380
Overview
Messages
Build Orders
End
Scout Squad
Construct Weapon Support Center
M1919 Machine Gun Team
M1919 Machine Gun Team
Selects Heavy Weapons
Selects Heavy Weapons
Bazooka Squad
Mechanized Support Center
Selects M2HB .50cal Heavy Machine Gun
M3 Armored Personnel Carrier
Construct Barracks
Riflemen Squad
Selects Assault Carriers
Riflemen Squad
Construct Medical Station
Riflemen Squad
Designate Forward Repair Station
Construct Tank Depot
Selects Exchangeable Parts
M1918 Browning Automatic Rifles
Riflemen Squad
Grenade Package
M4A1 Sherman Medium Tank
Engineer Squad
Improvised Armor
Salvage Crew
Rapid Repairs
Selects M26 Pershing Heavy Tank
M26 Pershing Heavy Tank
Designate Forward Repair Station
Farlion
Pob
KoRneY
Fatal Thoughts
0
0
Comments
sign in to comment!
No comments posted yet!